 Dungeon Crawl Stone Soup version 0.29.1-2-gbd0b4ee654 (webtiles) character file.

Game seed: 11458185619194463500

242 safid the Shooter (level 5, -4/50 HPs)
             Began as a Minotaur Hunter on Oct 25, 2022.
             Slain by a gnoll
             ... wielding a +0 spear
             ... led by a gnoll sergeant
              (7 damage)
             ... on level 4 of the Dungeon.
             The game lasted 00:05:32 (3729 turns).

safid the Shooter (Minotaur Hunter)                 Turns: 3729, Time: 00:05:33

Health: -4/50      AC:  4    Str: 15    XL:     5   Next: 82%
Magic:  4/4        EV: 12    Int:  6    God:
Gold:   187        SH:  0    Dex: 22    Spells: 4/4 levels left

rFire   . . .      SeeInvis .   a - +0 shortbow
rCold   . . .      Faith    .   (shield currently unavailable)
rNeg    . . .      Spirit   .   c - +0 leather armour
rPois   .          Reflect  .   (helmet restricted)
rElec   .          Harm     .   (no cloak)
rCorr   .          Rampage  .   (no gloves)
Will    .....                   i - +0 pair of boots
Stlth   ++........              (no amulet)
HPRegen 0.16/turn               h - +6 ring of dexterity
MPRegen 0.09/turn               (no ring)

@: no status effects
A: horns 2, retaliatory headbutt
a: no special abilities


You were on level 4 of the Dungeon.
You visited 1 branch of the dungeon, and saw 4 of its levels.

You collected 187 gold pieces.

Inventory:

Hand Weapons
 a - a +0 shortbow (weapon)
Missiles
 q - 2 throwing nets
Armour
 c - a +0 leather armour (worn)
 i - a +0 pair of boots (worn)
Jewellery
 h - a +6 ring of dexterity (left hand)
 s - a +6 ring of dexterity
Wands
 t - a wand of roots (4)
Scrolls
 e - a scroll of amnesia {unknown}
 g - 5 scrolls of identify {unknown}
 k - 2 scrolls of noise {unknown}
 m - a scroll of fear {unknown}
 o - a scroll of blinking {unknown}
 r - a scroll of vulnerability {unknown}
Potions
 b - 4 potions of curing {unknown}
 d - 2 potions of heal wounds {unknown}
 f - a potion of attraction {unknown}
 j - a potion of might {unknown}
 l - 2 potions of degeneration {unknown}
 n - a potion of cancellation {unknown}
 p - 2 potions of flight {unknown}


   Skills:
 + Level 5.9 Fighting
 + Level 6.0 Ranged Weapons
 - Level 2.1 Dodging
 - Level 0.7 Stealth


You had 4 spell levels left.
You didn't know any spells.
Your spell library contained the following spells:

 Spells                   Type           Power      Damage    Failure   Level
 Freeze                   Ice            0%         1d3       52%         1
 Frozen Ramparts          Ice            0%         1d1       88%         3
 Hailstorm                Conj/Ice       0%         3d3       99%         4
 Summon Lightning Spire   Summ/Air       0%         N/A       99%         4
 Storm Form               Tmut/Air       0%         N/A       100%        7
 Maxwell's Capacitive Co  Air            0%         ∞         100%        8


Dungeon Overview and Level Annotations

Branches:
Dungeon (4/15)
 Temple: D:4-7

Altars:
Uskayaw


Innate Abilities, Weirdness & Mutations

You have a pair of horns on your head.
You reflexively headbutt those who attack you in melee.


Message History

You shoot an arrow. The gnoll sergeant shouts!
The arrow hits the gnoll sergeant.
The gnoll sergeant is moderately wounded.
You hear a shout!
You shoot an arrow. The arrow hits the gnoll sergeant.
The gnoll sergeant is heavily wounded.
You hear a shout!
You shoot an arrow.
The arrow barely misses the gnoll sergeant.
The gnoll shouts!
You shoot an arrow. The arrow hits the gnoll sergeant!
The gnoll sergeant is severely wounded.
You shoot an arrow. The arrow hits the gnoll sergeant.
The gnoll sergeant is almost dead.
The gnoll sergeant hits you from afar with a +2 spear of freezing!
The gnoll sergeant freezes you.
You shoot an arrow. The gnoll sergeant blocks the arrow.
The gnoll sergeant hits you from afar with a +2 spear of freezing.
The gnoll sergeant freezes you. The gnoll hits you but does no damage.
The gnoll sergeant misses you.
You shoot an arrow. The arrow hits the gnoll sergeant.
The gnoll sergeant is almost dead.
The gnoll sergeant hits you from afar with a +2 spear of freezing!
The gnoll sergeant freezes you. The gnoll misses you.
The gnoll hits you from afar with a +0 spear.
You are too injured to fight recklessly!
You are too injured to fight recklessly!
You are too injured to fight recklessly!
You are too injured to fight recklessly!
Unknown command.
The gnoll sergeant hits you from afar with a +2 spear of freezing.
The gnoll sergeant freezes you.
The gnoll hits you from afar with a +0 spear.
The gnoll sergeant hits you from afar with a +2 spear of freezing!
* * * LOW HITPOINT WARNING * * *
The gnoll sergeant freezes you.
* * * LOW HITPOINT WARNING * * *
The gnoll hits you from afar with a +0 spear!
You die...

.#.......)...#......#...#........
.#...........#......#...#........
.#....##.....#......#############
##....#########..................
.......#......#..................
.......#......#..................
.......#......'...)..............
.......#......#..................
#'######'######.@................
..#...............##'##########..
..#...........ggg.#...........###
..#.....>.........'.......(......
..#............g..#).............
..#...............#..............
'##...............#..###.....###.
.....##'###########..###'#######.
.....#...............+...........


You could see a gnoll sergeant and 3 gnolls.

Vanquished Creatures
  A phantom (D:4)
  An orc priest (D:4)
  An orc wizard (D:4)
  2 gnolls
  An adder (D:4)
  2 worms
  2 dart slugs
  8 orcs (D:4)
  5 ball pythons
  6 endoplasms
  3 giant cockroaches
  3 goblins
  8 hobgoblins
  2 quokkas
  6 bats
  2 frilled lizards
  10 kobolds
  3 rats
66 creatures vanquished.

Notes
Turn   | Place    | Note
-------+----------+-------------------------------------------
     0 | D:1      | safid the Minotaur Hunter began the quest for the Orb.
     0 | D:1      | Reached XP level 1. HP: 18/18 MP: 0/0
   349 | D:1      | Reached XP level 2. HP: 25/25 MP: 1/1
   371 | D:1      | Found a faded altar of an unknown god.
   655 | D:1      | Reached skill level 5 in Ranged Weapons
   655 | D:1      | Reached XP level 3. HP: 31/31 MP: 2/2
  2621 | D:4      | Noticed a +0 dagger
  2621 | D:4      | Noticed a +0 hand axe
  2621 | D:4      | Found a hide-covered altar of Uskayaw.
  2686 | D:4      | Reached XP level 4. HP: 40/40 MP: 3/3
  2806 | D:4      | Noticed a gnoll sergeant
  3194 | D:4      | Reached XP level 5. HP: 47/47 MP: 4/4
  3422 | D:4      | Noticed a phantom
  3428 | D:4      | Killed a phantom
  3429 | D:4      | Reached skill level 5 in Fighting
  3429 | D:4      | Reached skill level 6 in Ranged Weapons
  3729 | D:4      | Slain by a gnoll

Illustrated notes

Levels and vault maps discovered:
D:1:      scummos_arrival_simple_crosswalls, layout_rooms,
          serial_co_window_serial, co_window_of_opportunity_a,
          co_window_of_opportunity_a, co_window_of_opportunity_a,
          co_window_corner_a, co_window_paths_b, co_window_paths_a,
          co_window_paths_b, co_window_paths_b, co_window_of_opportunity_a,
          co_window_unsneaky_path_e, co_window_2corner, co_window_corner_b,
          co_window_cross_3, co_window_4corner_b, glass_columns_b,
          glass_columns_a, glass_columns_a, glass_columns_a, glass_columns_a,
          basic_ecumenical_altar
D:2:      layout_basic, serial_bayou_pond_a
D:3:      layout_basic
D:4:      layout_gridville, dancing_weapons_uskayaw

Skill      XL: |  1  2  3  4  5 |
---------------+----------------+-----
Fighting       | 3 4 5 |  5.9
Ranged Weapons | 5 6 |  6.0
Dodging        | |  2.1
Stealth        | |  0.7

Action                   |  1- 3 |  4- 6 || total
-------------------------+-------+-------++-------
 Fire: Shortbow          |   118 |    69 ||   187
Armor: Leather armour    |     9 |     7 ||    16
Dodge: Dodged            |    12 |    22 ||    34
